Map: Ulrena

Players

LilDicky - Winner!

  • Race: Protoss Protoss
  • League: Diamond

Player

  • Race: Terran Terran
  • League: Silver

VOD

http://www.twitch.tv/tumescentpie

Description

Time

  • Played on: Jan. 4, 2016, 2:59 a.m.
  • Length: 7:15
Show
View Real Time Build Order
Export as new Build Order

LilDicky Protoss - Winner!

Build Orders:  

Get SALT Encoding   

  12  0:02  Probe (Chrono Boost)  
  13  0:12  Probe (Chrono Boost)  
  14  0:20  Pylon  
  14  0:23  Probe (Chrono Boost)  
  15  0:39  Probe (Chrono Boost)  
  16  0:49  Gateway, Probe (Chrono Boost)  
  17  0:52  Assimilator  
  17  1:00  Probe (Chrono Boost)  
  18  1:10  Probe (Chrono Boost)  
  19  1:21  Probe (Chrono Boost)  
  19  1:24  Pylon  
  20  1:31  Probe (Chrono Boost)  
  21  1:37  Cybernetics Core  
  21  1:46  Probe (Chrono Boost)  
  22  1:53  Gateway  
  22  1:56  Probe (Chrono Boost)  
  23  2:11  Assimilator  
  23  2:13  Stalker (Chrono Boost), Warp Gate (Chrono Boost)  
  23  2:15  Probe (Chrono Boost)  
  26  2:32  Pylon  
  26  2:39  Stalker  
  26  2:42  Stalker  
  29  3:07  Mothership Core  
  28  3:36  Gateway  
  28  3:38  Gateway  
  25  4:06  Robotics Facility  
  25  4:09  Stalker x2  
  29  4:15  Pylon  
  29  4:34  Pylon  
  29  4:35  Stalker x4  
  37  4:52  Warp Prism (Chrono Boost)  
  27  5:44  Adept x4  
  29  6:05  Adept x4  
  26  6:26  Stalker x3  
  26  6:27  Stalker  
  28  6:48  Mothership Core  
Show
View Real Time Build Order
Export as new Build Order

Player Terran 

Build Orders:  

Get SALT Encoding   

  12  0:01  SCV  
  13  0:22  Supply Depot  
  13  0:27  SCV  
  14  0:32  Refinery  
  14  0:39  SCV  
  15  0:47  Supply Depot  
  15  0:52  Barracks  
  15  0:55  SCV  
  16  1:07  SCV  
  17  1:17  Barracks  
  17  1:22  SCV  
  18  1:30  Refinery  
  18  1:39  Reaper  
  19  1:46  Orbital Command  
  19  2:04  Reaper  
  19  2:07  Supply Depot  
  20  2:11  Reaper  
  21  2:36  Reaper  
  22  2:44  Reaper  
  23  2:46  SCV  
  23  3:09  Reaper  
  24  3:27  Reaper  
  25  3:36  Command Center  
  25  3:41  Reaper  
  26  4:15  Barracks Tech Lab  
  26  4:22  Barracks  
  26  4:23  Barracks Tech Lab  
  26  4:25  Engineering Bay  
  26  4:36  Concussive Shells  
  26  4:46  Marauder x2  
  30  5:07  Marauder x2  
  30  5:10  Marine  
  31  5:28  Marine  
  31  5:29  Marauder x2  
  29  5:46  Marine  
  29  5:49  Marine  
  28  5:50  Marine  
  29  6:04  Marine  
  29  6:07  Marine x2  
  21  6:21  Marine  
  21  6:25  Marine  
  14  6:26  Marauder  
  11  6:39  Marine  
  11  6:43  Marine  
  12  6:47  Marauder  
Tags
 
Add a new tag
Caveats
  • Supply blocks, unpowered buildings, or Contaminate may cause inaccurate times.
  • Supply counts are checked every 10 seconds.